 Dungeon Crawl Stone Soup version 0.30-a0-723-gc1506a1cf0 (webtiles) character file.

Game seed: 7318645941880004559

233 ASSMAN the Covert (level 5, -18/31 HPs)
             Began as a Vampire Delver on Jan 29, 2023.
             Was an Initiate of Gozag.
             Demolished by an ogre
             ... wielding a +0 giant club
              (28 damage)
             ... on level 4 of the Dungeon.
             The game lasted 00:02:24 (1125 turns).

ASSMAN the Covert (Vampire Delver)                  Turns: 1125, Time: 00:02:24

Health: -18/31     AC:  7    Str: 11    XL:     5   Next: 75%
Magic:  5/5        EV: 12    Int: 13    God:    Gozag
Gold:   55         SH:  0    Dex: 17    Spells: 4/4 levels left

rFire   . . .      SeeInvis +    a - +0 short sword
rCold   + + .      Faith    .    (no shield)
rNeg    + + +      Spirit   .    b - +0 leather armour
rPois   ∞          Reflect  .    (no helmet)
rElec   .          Harm     .    (no cloak)
rCorr   .          Rampage  .    (no gloves)
Will    .....                    (no boots)
Stlth   +++++++                  (no amulet)
HPRegen 0.00/turn                j - +4 ring of protection
MPRegen 0.09/turn                (no ring)

@: bloodless, inhibited regen
A: bloodless, fangs 3, see invisible, vampiric 2
a: Bat Form, Revivify, Renounce Religion, Potion Petition, Call Merchant, Bribe
Branch


You were on level 4 of the Dungeon.
You worshipped Gozag.
Gozag was noncommittal.
You visited 2 branches of the dungeon, and saw 3 of its levels.

You collected 59 gold pieces.
You paid 4 gold pieces to Gozag.

Inventory:

Hand Weapons
 a - a +0 short sword (weapon)
Armour
 b - a +0 leather armour (worn)
Jewellery
 j - a +4 ring of protection (left hand)
Wands
 g - a wand of digging (3)
Scrolls
 c - 2 scrolls of fog
 d - a scroll of magic mapping
 h - 4 scrolls of identify {unknown}
 k - 2 scrolls of teleportation {unknown}
 l - a scroll of enchant armour {unknown}
Potions
 f - 2 potions of lignification {unknown}
 i - a potion of brilliance {unknown}
 m - a potion of heal wounds {unknown}
 n - a potion of cancellation {unknown}


   Skills:
 - Level 2.6 Fighting
 - Level 2.1 Short Blades
 - Level 2.1 Dodging
 + Level 11.5 Stealth


You had 4 spell levels left.
You didn't know any spells.
Your spell library contained the following spells:

 Spells                   Type           Power      Damage    Failure   Level
 Magic Dart               Conj           0%         1d3       38%         1
 Searing Ray              Conj           0%         2d4       52%         2
 Fulminant Prism          Conj/Hex       0%         3d5       99%         4


Dungeon Overview and Level Annotations

Branches:
Dungeon (5/15)             Temple (1/1) D:5

Altars:
Ashenzari
Cheibriados
Dithmenos
Gozag
Hepliaklqana
Kikubaaqudgha
Nemelex Xobeh
Qazlal
Ru
Trog
Uskayaw
Vehumet
Wu Jian
Xom
Yredelemnul


Innate Abilities, Weirdness & Mutations

You do not regenerate when monsters are visible.
You are frail without blood (-20% HP).
You can heal yourself when you bite living creatures.
You are immune to poison.
You have razor-sharp teeth.
You have supernaturally acute eyesight. (SInv)
You are afflicted with vampirism and can become a bat while bloodless.


Message History

Press: ? - help, Q - select action, (/) - cycle Shift-Dir - straight line, f/p - ogre
Aim: an ogre, wielding a +0 giant club (lightly wounded, poisoned, 75% to hit)
You throw a poisoned dart. The poisoned dart hits the ogre.
The ogre looks even sicker.
The ogre is lightly wounded.
Okay, then.
An ogre is nearby!
Unknown command.
j - a +4 ring of protection (left hand)
You barely miss the ogre.
The ogre is lightly wounded.
The ogre hits you but does no damage.
You hit the ogre. You punch the ogre, but do no damage.
The ogre is lightly wounded.
The ogre barely misses you.
You hit the ogre but do no damage.
The ogre is lightly wounded.
You hit the ogre but do no damage. You bite the ogre.
You draw the ogre's blood!
The ogre is moderately wounded.
The ogre hits you with a +0 giant club!!
Ouch! That really hurt!
You are too injured to fight recklessly!
You are too injured to fight recklessly!
You hit the ogre. Your punch misses the ogre. Your bite misses the ogre.
The ogre is heavily wounded.
You hit the ogre.
The ogre is heavily wounded.
The ogre barely misses you.
You hit the ogre.
The ogre is severely wounded.
The ogre misses you.
You barely miss the ogre.
The ogre is severely wounded.
You hit the ogre.
The ogre is almost dead.
The ogre hits you with a +0 giant club!!
Ouch! That really hurt!
You die...
Your body crumbles into a pile of gold.

#.# . #(####
#....# ###.##
#.# # #.#
##### .. #.#
#...# ...#
#.####...+
...
#.....@O.####
#.####
#####.....(.#
..#.....
#..(.##(#
......
.......#
######...
##.##...#
........> #.
#####
.######... #
........$.
..........
....O.....


You could see an ogre (poisoned).

Vanquished Creatures
  2 scorpions
  A hound (D:5)
  2 iguanas (D:5)
  3 adders
  An ufetubus (D:5)
  An endoplasm (D:4)
  A giant cockroach (D:4)
  2 ball pythons (D:4)
13 creatures vanquished.

Notes
Turn   | Place    | Note
-------+----------+-------------------------------------------
     0 | D:5      | ASSMAN the Vampire Delver began the quest for the Orb.
     0 | D:5      | Reached XP level 1. HP: 17/17 MP: 1/1
    36 | D:5      | Noticed an iguana
   197 | D:5      | Killed an iguana
   198 | D:5      | Reached skill level 8 in Stealth
   198 | D:5      | Reached XP level 2. HP: 23/23 MP: 2/2
   316 | D:5      | Gained mutation: You are afflicted with vampirism and can
                  | become a bat while bloodless. [Vampire growth]
   316 | D:5      | Reached XP level 3. HP: 28/28 MP: 3/3
   366 | D:5      | Reached skill level 9 in Stealth
   420 | D:5      | Reached XP level 4. HP: 27/27 MP: 4/4
   561 | D:5      | Reached skill level 10 in Stealth
   573 | D:5      | Noticed a scorpion
   574 | D:5      | Found a staircase to the Ecumenical Temple.
   584 | D:5      | Killed a scorpion
   585 | D:5      | Reached XP level 5. HP: 24/31 MP: 5/5
   604 | Temple   | Entered the Ecumenical Temple
   703 | Temple   | Became a worshipper of Gozag Ym Sagoz the Greedy
   764 | D:4      | Noticed an ogre
   998 | D:4      | Found an ancient bone altar of Kikubaaqudgha.
  1004 | D:4      | Found a snail-covered altar of Cheibriados.
  1005 | D:4      | Found a shimmering altar of Xom.
  1005 | D:4      | Found a stormy altar of Qazlal.
  1007 | D:4      | Found a shadowy altar of Dithmenos.
  1102 | D:4      | Reached skill level 11 in Stealth
  1125 | D:4      | Demolished by an ogre

Illustrated notes

Levels and vault maps discovered:
D:4:      layout_basic, grunt_temple_overflow_open, minmay_unequal
D:5:      layout_loops_cross, good_gods_mini_temple,
          minmay_temple_entry_junction, chequers_serial_rivers_large_a
Temple:   cyrus_temple_forest

Skill      XL: |  1  2  3  4  5 |
---------------+----------------+-----
Stealth        | 8 9 10 11 | 11.5
Fighting       | |  2.6
Short Blades   | |  2.1
Dodging        | |  2.1

Action                     |  1- 3 |  4- 6 || total
---------------------------+-------+-------++-------
  Melee: Short sword       |    12 |    31 ||    43
         Bite              |     1 |     3 ||     4
         Punch             |       |     1 ||     1
  Throw: Dart              |     3 |     4 ||     7
Ability: Exsanguinate      |     1 |       ||     1
    Use: Scroll            |     1 |       ||     1
         Potion            |       |     1 ||     1
   Stab: Sleeping          |     2 |     6 ||     8
         Distracted        |       |     1 ||     1
 Armour: Leather armour    |     2 |     6 ||     8
  Dodge: Dodged            |     4 |    22 ||    26

Table legend: (Time is in decaauts)
 A = Elapsed time spent in this place.
 B = Non-inter-level travel time spent in this place.
 C = Inter-level travel time spent in this place.
 D = Time resting spent in this place.
 E = Time spent auto-exploring this place.
 F = Levels seen in this place.
 G = Mean time per level.
                   A        B        C        D        E       F      G
               +--------+--------+--------+--------+--------+-----+--------+
         Total |   1103 |   1074 |     29 |    272 |    567 |   3 |  367.7 |
       Dungeon |    975 |    974 |      1 |    272 |    479 |   2 |  487.5 |
        Temple |    127 |     99 |     28 |      0 |     88 |   1 |  127.0 |
               +--------+--------+--------+--------+--------+-----+--------+

Top non-repeatable levels by time:
     D:5: 842 daAuts
     D:4: 133 daAuts
  Temple: 127 daAuts
